 Dungeon Sprint DCSS version 0.28.0-53-g5a82cb258f (webtiles) character file.

Game seed: 11932868959510451114

81 Zeld the Magician (level 4, 0/24 HPs)
             Began as a Deep Elf Conjurer on June 5, 2022.
             Slain by a phantom (7 damage)
             ... in the Dungeon (Sprint IX: "|||||||||||||||||||||||||||||").
             The game lasted 00:00:43 (179 turns).

Zeld the Magician (Deep Elf Conjurer)                Turns: 179, Time: 00:00:43

Health: 0/24       AC:  2    Str:  4    XL:     4   Next: 20%
Magic:  12/15      EV: 12    Int: 25    God:
Gold:   0          SH:  0    Dex: 13    Spells: 17/18 levels left

rFire   . . .      SeeInvis .   (no weapon)
rCold   . . .      Faith    .   (no shield)
rNeg    . . .      Spirit   .   a - +0 robe
rPois   .          Reflect  .   (no helmet)
rElec   .          Harm     .   (no cloak)
rCorr   .          Rampage  .   (no gloves)
Will    .....      NoTele   +   (no boots)
Stlth   ++........              (no amulet)
HPRegen 0.08/turn               (no ring)
MPRegen 0.14/turn               (no ring)

@: no status effects
A: no striking features
a: no special abilities


You were in the Dungeon.
You visited 1 branch

Inventory:

Armour
 a - a +0 robe (worn)
Scrolls
 g - a scroll of blinking
Potions
 b - a potion of curing
 c - a potion of heal wounds
 d - a potion of haste
 f - a potion of berserk rage


   Skills:
 + Level 2.6 Dodging
 - Level 2.4 Stealth
 + Level 7.9 Spellcasting
 + Level 7.4 Conjurations
 - Level 2.0 Hexes
 - Level 2.0 Translocations


You had 17 spell levels left.
You knew the following spells:

 Your Spells              Type           Power      Damage    Failure   Level
a - Magic Dart            Conj           100%       1d8       1%          1

Your spell library contained the following spells:

 Spells                   Type           Power      Damage    Failure   Level
 Searing Ray              Conj           94%        2d7       1%          2
 Dazzling Flash           Conj/Hex       66%        N/A       2%          3
 Fulminant Prism          Conj/Hex       16%        3d11      9%          4
 Iskenderun's Mystic Bla  Conj/Tloc      33%        2d8       9%          4


Dungeon Overview and Level Annotations

Branches:
Dungeon (1/1)

Altars:


Message History

You don't have enough magic to cast this spell.
Unknown command.
Unknown command.
Magic courses through your body. The phantom hits you.
Casting: Magic Dart (safe; 1% risk of failure)
Confirm with . or Enter, or press ? or * to list all spells.
Aiming: Magic Dart (safe; 1% risk of failure)
Press: ? - help, Shift-Dir - straight line, f/p - phantom
Aim: a phantom (lightly damaged, 100% to hit)
The magic dart hits the phantom.
The phantom is lightly damaged.
The phantom hits you.
Unknown command.
Casting: Magic Dart (safe; 1% risk of failure)
Confirm with . or Enter, or press ? or * to list all spells.
Aiming: Magic Dart (safe; 1% risk of failure)
Press: ? - help, Shift-Dir - straight line, f/p - phantom
Aim: a phantom (lightly damaged, 100% to hit)
The magic dart hits the phantom.
The phantom is moderately damaged.
The phantom barely misses you.
Unknown command.
Casting: Magic Dart (safe; 1% risk of failure)
Confirm with . or Enter, or press ? or * to list all spells.
Aiming: Magic Dart (safe; 1% risk of failure)
Press: ? - help, Shift-Dir - straight line, f/p - phantom
Aim: a phantom (moderately damaged, 100% to hit)
The magic dart hits the phantom!
The phantom is heavily damaged.
The phantom hits you.
* * * LOW HITPOINT WARNING * * *
Casting: Magic Dart (safe; 1% risk of failure)
Confirm with . or Enter, or press ? or * to list all spells.
Aiming: Magic Dart (safe; 1% risk of failure)
Press: ? - help, Shift-Dir - straight line, f/p - phantom
Aim: a phantom (heavily damaged, 100% to hit)
The magic dart hits the phantom.
The phantom is severely damaged.
The phantom hits you!
You die... ▓▓▓▓▓▓▓▓▓▓▓▓▓▓▓▓▓▓ +....ZW@...††...<▓ ▓▓▓▓▓▓▓▓▓▓▓▓▓▓▓▓▓▓

You could see a phantom and an adder zombie.

Vanquished Creatures
  A phantom (D)
  An orc (D)
  A bat (D)
  An endoplasm (D)
  A quokka (D)
  2 ball pythons (D)
  A frilled lizard (D)
8 creatures vanquished.

Notes
Turn   | Place    | Note
-------+----------+-------------------------------------------
     0 | D        | Zeld the Deep Elf Conjurer began the quest for the Orb.
     0 | D        | Reached XP level 1. HP: 10/10 MP: 6/6
     5 | D        | Reached skill level 1 in Hexes
     7 | D        | Reached skill level 1 in Translocations
   157 | D        | Noticed a phantom
   157 | D        | Noticed a phantom
   166 | D        | Killed a phantom
   167 | D        | Reached XP level 2. HP: 15/15 MP: 6/12
   167 | D        | Reached XP level 3. HP: 19/19 MP: 7/14
   167 | D        | Reached XP level 4. HP: 24/24 MP: 7/15
   179 | D        | Slain by a phantom

Illustrated notes

Levels and vault maps discovered:
D:        linesprint [early_d, line_temple, items_1, d_10, items_2, lair_1,
          lair_end, items_3, orc_1, orc_end, items_4, d_15, swamp_1, shoals_1,
          snake_1, spider_1, d_20, vaults_1, items_5, swamp_end, shoals_end,
          snake_end, spider_end, vaults_end, d_27, items_6, zot_1, zot_end,
          crypt_end, forest_end, elf_end, slime_end, tomb_end, abyss_end,
          pan_hell_end]

Skill      XL: |  1 |
---------------+----+-----
Hexes          | 2 |  2.0
Translocations | 2 |  2.0
Spellcasting   | 7 |  7.9
Conjurations   | 7 |  7.4
Dodging        | |  2.6
Stealth        | |  2.4

Action                   |  1- 3 |  4- 6 || total
-------------------------+-------+-------++-------
Melee: Unarmed           |     6 |       ||     6
 Cast: Magic Dart        |    15 |    12 ||    27
  Use: Potion            |     1 |     1 ||     2
Armor: Robe              |     5 |     1 ||     6
Dodge: Dodged            |    13 |     4 ||    17
